 Dungeon Sprint DCSS version 0.31-a0-841-g038b102fc3 (webtiles) character file.

Game seed: 18207214104030403959

642 sircluck the Grappler (level 7, -2/120 HPs)
             Began as a Troll Berserker on Sept 27, 2023.
             Was a Believer of Trog.
             Succumbed to poison (poison gas)
             ... in the Dungeon (Sprint VII: "The Pits").
             The game lasted 00:00:27 (68 turns).

sircluck the Grappler (Troll Berserker)               Turns: 68, Time: 00:00:28

Health: -2/120     AC:  4    Str: 28    XL:     7   Next: 26%
Magic:  6/6        EV: 12    Int:  3    God:    Trog [**....]
Gold:   0          SH:  0    Dex:  9    Spells: 6/6 levels left

rFire   . .          .
                       - Unarmed
rCold   . . .        (no shield)
rNeg    . . .        a - +0 animal skin
rPois   .            (helmet restricted)
rElec   .            (no cloak)
rCorr   .            (gloves unavailable)
SInv    .            (boots unavailable)
Will    .....        (no amulet) Stlth
                     (no ring)
HPRegen 1.20/turn    (no ring)
MPRegen 0.10/turn

%: no teleportation
@: berserking, lethally poisoned (-2 -> -66), very quick
A: large, unfitting armour, claws 3, regeneration 1, shaggy fur 1, tough skin 1
a: Renounce Religion, Berserk, Trog's Hand


You were in the Dungeon.
You worshipped Trog.
Trog was pleased with you.
You visited 1 branch

Inventory:

Armour
 a - a +0 animal skin (worn)
Scrolls
 g - a scroll of blinking
Potions
 b - a potion of curing
 c - a potion of heal wounds
 d - a potion of haste
 e - 2 potions of magic
 f - a potion of berserk rage


   Skills:
 + Level 8.2 Fighting
 + Level 8.1 Dodging
 + Level 9.6 Unarmed Combat


You had 6 spell levels left.
You didn't know any spells.
Your spell library was empty.

Dungeon Overview and Level Annotations

Branches:
Dungeon (1/1)

Altars:


Innate Abilities, Weirdness & Mutations

You are too large for most types of armour.
You have claws for hands.
Your natural rate of healing is unusually fast.
You are covered in fur. (AC +1)
You have tough skin. (AC +1)


Message History

You start resting.
A swamp dragon is nearby!
You recover from your berserk rage.
The swamp dragon breathes poison at you.
The blast of poison engulfs you!
You are poisoned.
A red film seems to cover your vision as you go berserk!
You feel yourself moving faster!
You feel mighty!
You are engulfed in poison gas.
You are more poisoned.
You feel extremely sick.
You mangle the swamp dragon!! Your claw misses the swamp dragon.
The swamp dragon is heavily wounded.
You are engulfed in poison gas.
You are more poisoned.
* * * LOW HITPOINT WARNING * * *
x2 You feel very sick.
The swamp dragon closely misses you. The swamp dragon claws you.
* * * LOW HITPOINT WARNING * * *
The swamp dragon closely misses you.
You mangle the swamp dragon!!
The swamp dragon is almost dead.
You are engulfed in poison gas.
You are more poisoned.
* * * LOW HITPOINT WARNING * * *
You feel very sick.
You scratch the swamp dragon.
The swamp dragon is almost dead.
You are engulfed in poison gas.
You are more poisoned.
* * * LOW HITPOINT WARNING * * *
x2 You feel very sick.
You mangle the swamp dragon!!
You kill the swamp dragon!
Trog accepts your kill.
The swamp dragon scales are intact enough to wear.
You are engulfed in poison gas.
You are more poisoned.
* * * LOW HITPOINT WARNING * * *
You die...

##########++######
#................#
#......#.°#......#
#.....○○☼........+
+.....°@○........+
#.....☼#[°#......#
#....°○..........#
####'#####)'######
#.......##''#
#.......##..#
#.......##○.#
#...<...##D.#
#.......##..#


There were no monsters in sight!

Vanquished Creatures
  A death yak (D)
  A swamp dragon (D)
  Blork the orc (D)
3 creatures vanquished.

Notes
Turn   | Place    | Note
-------+----------+-------------------------------------------
     0 | D        | sircluck the Troll Berserker began the quest for the Orb.
     0 | D        | Reached XP level 1. HP: 22/22 MP: 0/0
    12 | D        | Noticed Blork the orc
    13 | D        | Noticed a swamp dragon
    24 | D        | Noticed a death yak
    28 | D        | Killed Blork the orc
    29 | D        | Reached skill level 5 in Unarmed Combat
    29 | D        | Reached XP level 2. HP: 25/33 MP: 1/1
    29 | D        | Reached XP level 3. HP: 31/40 MP: 2/2
    29 | D        | Reached XP level 4. HP: 38/49 MP: 3/3
    37 | D        | HP: 1/73 [death yak (6)]
    38 | D        | Killed a death yak
    38 | D        | Reached ** piety under Trog
    39 | D        | Reached skill level 9 in Unarmed Combat
    39 | D        | Reached XP level 5. HP: 3/63 MP: 4/4
    39 | D        | Reached XP level 6. HP: 4/72 MP: 5/5
    39 | D        | Reached XP level 7. HP: 4/80 MP: 6/6
    68 | D        | Killed a swamp dragon
    68 | D        | HP: 6/120 [something (1)]
    68 | D        | Succumbed to poison (poison gas)

Illustrated notes

Levels and vault maps discovered:
D:        pitsprint [storerooms_1, entrance_room_1, metal_vault_3, armoury_3,
          mini_pit_1, grid_room_1, main_hall_1, silver_pit, the_coven_1,
          the_vestibule_1, steel_vault_4, golden_pit, hallway_of_sentries,
          crystal_vault_6, iron_vault_2, final_vault]

Skill      XL: |  1  2  3  4 |
---------------+-------------+-----
Fighting       | 4 8 |  8.2
Dodging        | 4 8 |  8.1
Unarmed Combat | 5 9 |  9.6

Action                     |  1- 3 |  4- 6 |  7- 9 || total
---------------------------+-------+-------+-------++-------
  Melee: Unarmed           |     4 |     8 |     4 ||    16
 Invoke: Berserk           |     1 |       |     1 ||     2
 Armour: Animal skin       |     3 |     3 |     2 ||     8
  Dodge: Dodged            |       |     2 |     2 ||     4

Table legend: (Time is in decaauts)
 A = Elapsed time spent in this place.
 B = Non-inter-level travel time spent in this place.
 C = Inter-level travel time spent in this place.
 D = Time resting spent in this place.
 E = Time spent auto-exploring this place.
 F = Levels seen in this place.
 G = Mean time per level.
                   A        B        C        D        E       F      G
               +--------+--------+--------+--------+--------+-----+--------+
         Total |     68 |     68 |      0 |     32 |     12 |   1 |   68.0 |
       Dungeon |     68 |     68 |      0 |     32 |     12 |   1 |   68.0 |
               +--------+--------+--------+--------+--------+-----+--------+

Top non-repeatable levels by time:
       D: 68 daAuts
